Map: Para Site LE

Players

Neuro - Winner!

  • Race: Zerg Zerg
  • League: Grandmaster
  • Spawn Location: 11:00

JoeyJoJoJR

  • Race: Terran Terran
  • League: Grandmaster
  • Spawn Location: 5:00

VOD

Have the link to the VOD?

Description

Time

  • Played on: Oct. 5, 2018, 8:35 p.m.
  • Length: 11:50
Show
View Real Time Build Order
Export as new Build Order

Neuro Zerg - Winner!

Build Orders: Hatch First, Muta Ling Bane 

Get SALT Encoding   

  12  0:01  Drone  
  13  0:14  Overlord  
  13  0:17  Drone  
  14  0:32  Drone x2  
  16  0:48  Hatchery  
  15  0:51  Drone  
  15  0:55  Drone  
  17  0:58  Drone  
  18  1:10  Extractor  
  17  1:13  Spawning Pool  
  16  1:19  Drone  
  16  1:20  Drone  
  18  1:31  Drone  
  19  1:44  Drone  
  20  1:53  Overlord  
  20  2:01  Queen  
  20  2:02  Queen, Zergling x2  
  20  2:03  Zergling x2  
  26  2:11  Metabolic Boost  
  26  2:13  Drone x2  
  28  2:23  Drone  
  29  2:36  Hatchery  
  28  2:39  Spore Crawler  
  27  2:45  Drone x3  
  27  2:51  Overlord  
  31  2:52  Drone  
  32  3:00  Drone  
  32  3:01  Drone  
  32  3:05  Drone  
  35  3:08  Queen  
  37  3:13  Drone x4  
  37  3:18  Overlord  
  41  3:24  Overlord  
  41  3:36  Overlord  
  41  3:37  Drone x3  
  41  3:40  Queen  
  41  3:41  Baneling Nest  
  45  3:50  Queen x2  
  45  3:51  Zergling x2  
  50  3:56  Overlord  
  50  3:59  Drone x3  
  50  4:02  Drone  
  54  4:09  Overlord  
  54  4:12  Drone x5  
  54  4:15  Extractor  
  60  4:24  Drone x6  
  60  4:25  Drone  
  60  4:28  Queen  
  66  4:31  Spore Crawler  
  66  4:38  Drone x4  
  68  4:43  Overlord  
  68  4:45  Extractor, Spore Crawler  
  66  4:51  Drone x2  
  68  4:53  Evolution Chamber x2  
  68  4:57  Zergling x2  
  68  4:58  Zergling x2  
  68  5:08  Overlord x2  
  68  5:10  Drone x8  
  67  5:23  Drone x3  
  67  5:28  Drone  
  66  5:30  Zerg Melee Weapons Level 1  
  66  5:31  Zerg Ground Armor Level 1, Lair  
  66  5:41  Drone x2  
  66  5:42  Drone  
  68  5:47  Drone x3  
  71  5:54  Hatchery  
  70  5:58  Drone x5  
  70  5:59  Drone x4  
  79  6:04  Extractor  
  78  6:13  Zergling x14  
  78  6:14  Zergling x2  
  86  6:19  Hatchery  
  86  6:21  Spore Crawler  
  86  6:24  Drone x4  
  86  6:25  Extractor x2  
  86  6:37  Pneumatized Carapace  
  88  6:40  Zergling x16  
  88  6:41  Spire  
  88  6:42  Centrifical Hooks  
  92  6:59  Zergling x12  
  92  7:00  Zergling x4  
  92  7:09  Drone x5  
  97  7:17  Zergling x14  
  104  7:28  Overlord x3  
  104  7:29  Overlord x2  
  104  7:30  Zerg Melee Weapons Level 2  
  104  7:31  Zerg Ground Armor Level 2  
  104  7:40  Baneling x2  
  104  7:41  Baneling  
  104  7:48  Zergling x26  
  115  7:53  Zergling x14  
  115  7:56  Zerg Flyer Weapons Level 1  
  118  8:00  Drone x3  
  119  8:14  Mutalisk x7  
  119  8:17  Queen  
  135  8:20  Drone x3  
  135  8:23  Mutalisk  
  135  8:26  Mutalisk x2  
  139  8:35  Zergling x16  
  141  8:43  Zergling x16  
  147  8:49  Baneling x3  
  147  8:56  Mutalisk  
  149  9:06  Mutalisk  
  149  9:07  Mutalisk  
  150  9:10  Extractor, Spore Crawler  
  150  9:16  Zergling x4  
  150  9:20  Overlord x4  
  150  9:25  Baneling x3  
  150  9:26  Baneling x16  
  148  9:38  Zergling x26  
  153  9:40  Zergling x20  
  153  9:41  Zergling x6  
  153  9:43  Zergling x2  
  168  9:47  Infestation Pit  
  168  9:50  Zergling x12  
  147  10:00  Zergling x8  
  147  10:07  Zergling x6  
  146  10:15  Mutalisk x8  
  143  10:29  Zergling x20  
  143  10:32  Zergling x4  
  143  10:33  Hatchery  
  147  10:44  Mutalisk x3  
  147  10:45  Mutalisk x2  
  147  10:46  Zergling x8  
  158  10:54  Mutalisk x2  
  158  10:56  Zergling x4  
  158  10:57  Zergling x6  
  158  11:11  Mutalisk  
  158  11:13  Zergling x16  
  158  11:17  Baneling x4  
  158  11:18  Baneling x2  
  166  11:32  Zergling x8  
  170  11:33  Zergling x6  
Show
View Real Time Build Order
Export as new Build Order

JoeyJoJoJR Terran 

Build Orders: Liberator Opening, Reaper Expand, MMM Bio 

Get SALT Encoding   

  12  0:01  SCV  
  13  0:13  SCV  
  14  0:17  Supply Depot  
  14  0:25  SCV  
  15  0:30  Refinery  
  15  0:38  SCV  
  16  0:45  Barracks  
  16  0:50  SCV  
  17  1:03  SCV  
  18  1:15  SCV  
  19  1:32  Reaper, Orbital Command  
  20  1:43  Command Center  
  20  1:56  Factory  
  20  1:57  SCV  
  21  2:07  Supply Depot  
  21  2:08  Barracks Reactor  
  21  2:13  SCV  
  22  2:17  Refinery  
  22  2:25  SCV  
  23  2:37  SCV  
  24  2:47  Starport  
  24  2:49  SCV  
  25  2:53  Hellion x2  
  25  2:56  Orbital Command  
  29  3:01  SCV  
  30  3:13  SCV, Barracks Tech Lab  
  30  3:15  Hellion  
  30  3:17  Hellion  
  35  3:21  SCV  
  35  3:25  SCV  
  37  3:28  Supply Depot  
  37  3:34  Viking, Marine  
  39  3:38  SCV  
  40  3:44  Hellion x2  
  40  3:47  SCV  
  45  3:50  SCV  
  45  3:53  Marine  
  45  3:54  Stimpack, Liberator  
  47  4:00  SCV, Supply Depot  
  47  4:02  SCV  
  49  4:13  SCV  
  49  4:14  SCV  
  54  4:21  Marine  
  54  4:22  Factory Reactor  
  55  4:25  SCV  
  55  4:26  SCV  
  58  4:38  SCV x2  
  58  4:39  Command Center, Marine  
  60  4:50  SCV x2, Barracks  
  60  4:51  Barracks  
  62  4:54  Supply Depot  
  62  4:55  Supply Depot  
  62  4:56  Starport Reactor  
  62  5:04  Marine  
  62  5:06  SCV  
  62  5:08  Engineering Bay  
  62  5:09  Engineering Bay  
  62  5:13  Factory Tech Lab, Refinery x2  
  62  5:15  SCV  
  59  5:22  SCV  
  59  5:27  SCV  
  55  5:31  Marine  
  55  5:33  Medivac  
  55  5:34  Medivac, SCV  
  64  5:39  SCV  
  64  5:41  Terran Infantry Weapons Level 1  
  62  5:43  Marine x2  
  62  5:46  SCV  
  62  5:49  Marine, Terran Infantry Armor Level 1  
  63  5:51  Orbital Command  
  63  5:53  Marine x2  
  63  5:55  Combat Shields  
  65  6:01  Marine x2  
  65  6:03  SCV x2  
  69  6:07  Marine  
  69  6:10  Siege Tank  
  73  6:12  Medivac, Marine  
  73  6:13  Marine  
  77  6:19  Marine x2  
  77  6:24  Marine  
  77  6:25  SCV  
  81  6:27  Orbital Command, Barracks  
  81  6:28  Barracks  
  81  6:30  Marine  
  81  6:31  Armory  
  81  6:32  Marine  
  82  6:34  Supply Depot  
  82  6:36  Marine  
  82  6:37  Medivac, Marine  
  82  6:39  SCV  
  89  6:40  SCV  
  89  6:42  Marine  
  90  6:49  Marine  
  90  6:50  Marine  
  90  6:52  SCV  
  93  6:55  Siege Tank, SCV  
  97  7:03  Marine x3  
  97  7:04  SCV  
  101  7:15  Barracks Reactor  
  101  7:16  Barracks Reactor  
  101  7:27  SCV x3, Marine x2  
  101  7:28  Siege Tank  
  109  7:30  Marine x2, Marauder  
  109  7:31  Supply Depot  
  109  7:32  Command Center, Supply Depot  
  109  7:33  Supply Depot  
  109  7:34  Terran Vehicle Weapons Level 1  
  113  7:39  Medivac, SCV  
  116  7:45  Marine x2  
  116  7:47  Marine  
  116  7:48  Terran Infantry Weapons Level 2  
  116  7:50  Terran Infantry Armor Level 2  
  109  7:52  SCV x2  
  109  7:56  SCV  
  108  7:59  Supply Depot  
  108  8:00  Supply Depot  
  108  8:05  Bunker  
  108  8:07  SCV x2  
  108  8:11  Marine  
  108  8:12  Marine x5  
  116  8:14  Marine x2  
  116  8:18  SCV  
  116  8:19  SCV x2  
  121  8:22  Refinery  
  121  8:24  Supply Depot  
  121  8:25  Marine  
  122  8:31  Marine x2, Refinery  
  122  8:32  Marine x2  
  122  8:33  SCV x2  
  127  8:40  Marine x4  
  126  8:42  Marine  
  126  8:47  SCV x3  
  129  8:49  Marine x3  
  129  8:53  Siege Tank  
  129  8:55  Supply Depot, Factory  
  135  8:59  Supply Depot  
  135  9:01  Supply Depot, Marauder  
  137  9:06  Marine x3  
  136  9:13  Missile Turret  
  136  9:15  Missile Turret  
  136  9:19  Planetary Fortress  
  136  9:22  Marine x5, Marauder  
  136  9:24  Marine  
  131  9:29  SCV  
  131  9:30  Marine x2, SCV  
  131  9:31  Missile Turret x2  
  132  9:36  SCV  
  130  9:39  Marine  
  130  9:40  Marine x4  
  130  9:41  Marine  
  130  9:42  SCV x2  
  130  9:43  Marine  
  139  9:48  SCV  
  139  9:49  Marine  
  139  9:51  Marine  
  131  9:54  SCV x2  
  131  9:57  Marine  
  102  10:00  SCV, Factory Reactor  
  102  10:03  Marine x3  
  102  10:04  Marine x3  
  102  10:06  SCV  
  103  10:07  Marine  
  103  10:09  Marine  
  104  10:15  SCV x2  
  104  10:19  Siege Tank  
  104  10:20  Medivac x2  
  104  10:22  SCV x2  
  104  10:27  SCV  
  92  10:32  Marine x4  
  86  10:36  Orbital Command  
  84  10:43  Marine x3, Widow Mine x2  
  84  10:49  Marine x2  
  90  10:50  Marine x2  
  89  11:01  Medivac  
  89  11:02  Medivac  
  90  11:04  Marine  
  90  11:05  Marine x2  
  90  11:07  Widow Mine  
  96  11:11  SCV x3  
  96  11:13  SCV  
  99  11:20  Missile Turret  
  99  11:21  Marine x5  
  99  11:22  Missile Turret  
  100  11:29  SCV x3  
  100  11:36  SCV  
Tags
 
Add a new tag
Caveats
  • Supply blocks, unpowered buildings, or Contaminate may cause inaccurate times.
  • Supply counts are checked every 10 seconds.